 Dungeon Crawl Stone Soup version 0.32-a0-128-g77eb882913 (webtiles) character file.

Game seed: 15355494015811751332

6379 Dittersdorf the Protected (level 10, 0/66 HPs)
             Began as a Gargoyle Fighter on Feb 7, 2024.
             Slain by a centaur warrior (1 damage)
             ... on level 9 of the Dungeon.
             The game lasted 00:10:54 (7459 turns).

Dittersdorf the Protected (Gargoyle Fighter)        Turns: 7459, Time: 00:10:55

Health: 0/66       AC: 28    Str: 31    XL:     10   Next: 97%
Magic:  10/10      EV:  9    Int:  8    God:
Gold:   534        SH:  6    Dex:  9    Spells: 9/9 levels left

rFire   + . .        i - +0 morningstar
rCold   . . .        c - +0 buckler
rNeg    + . .        x - +3 chain mail of the Grue {rElec rF+}
rPois   ∞            n - +0 helmet
rElec   +            u - +0 cloak
rCorr   .            z - +0 pair of gloves
SInv    .            v - +1 pair of boots
Will    .....        f - amulet of regeneration Stlth
                     e - +6 ring of strength
HPRegen 1.11/turn    (no ring)
MPRegen 0.12/turn

%: no passive effects
@: mighty, on berserk cooldown, slowed, very slow
A: sickness immunity, AC +7, negative energy resistance 1, electricity
resistance, torment resistance 1, petrification resistance
a: no special abilities


You were on level 9 of the Dungeon.
You visited 2 branches of the dungeon, and saw 10 of its levels.

You collected 534 gold pieces.

Inventory:

Hand Weapons
 i - a +0 morningstar (weapon)
Missiles
 r - 6 curare-tipped darts (quivered)
Armour
 c - a +0 buckler (worn)
 n - a +0 helmet (worn)
 u - a +0 cloak (worn)
 v - a +1 pair of boots (worn)
 x - the +3 chain mail of the Grue (worn) {rElec rF+}
   (You found it on level 8 of the Dungeon)

   rF+:       It protects you from fire.
   rElec:     It insulates you from electricity.
 z - a +0 pair of gloves (worn)
Jewellery
 e - a +6 ring of strength (left hand)
 f - an amulet of regeneration (around neck)
Wands
 m - a wand of flame (15)
Scrolls
 h - a scroll of amnesia {unknown}
 l - 3 scrolls of poison {unknown}
 p - 3 scrolls of blinking {unknown}
 s - 2 scrolls of summoning {unknown}
 t - a scroll of silence
 w - a scroll of immolation
 y - a scroll of acquirement {unknown}
Potions
 b - 3 potions of invisibility
 g - a potion of resistance
 j - 3 potions of curing
 k - a potion of degeneration {unknown}
 o - a potion of ambrosia
 q - a potion of enlightenment


   Skills:
 + Level 9.5 Fighting
 + Level 8.4 Maces & Flails
 + Level 9.6 Armour
 + Level 9.5 Shields


You had 9 spell levels left.
You didn't know any spells.
Your spell library contained the following spells:

 Spells                   Type           Power      Damage    Failure   Level
 Foxfire                  Conj/Fire      0%         2x1d4     83%         1
 Ensorcelled Hibernation  Hex/Ice        0%         N/A       93%         2
 Static Discharge         Conj/Air       0%         3-3/arc   93%         2
 Inner Flame              Hex/Fire       0%         N/A       99%         3
 Passwall                 Erth           0%         N/A       99%         3
 Sigil of Binding         Hex            0%         N/A       99%         3
 Swiftness                Air            0%         N/A       99%         3
 Volatile Blastmotes      Fire/Tloc      0%         2d10      99%         3
 Airstrike                Air            0%         2d(0-16)  100%        4
 Animate Armour           Summ/Erth      0%         N/A       100%        4
 Flame Wave               Conj/Fire      0%         2d4       100%        4
 Sticky Flame             Fire/Alch      0%         2d4       100%        4
 Summon Lightning Spire   Summ/Air       0%         N/A       100%        4
 Lee's Rapid Deconstruct  Erth           0%         3d4*      100%        5
 Summon Mana Viper        Hex/Summ       0%         N/A       100%        5
 Plasma Beam              Fire/Air       0%         2x1d10    100%        6
 Starburst                Conj/Fire      0%         6d3       100%        6


Dungeon Overview and Level Annotations

Branches:
Dungeon (9/15)             Temple (1/1) D:7
   Lair: D:8-11         Orc: D:9-12

Altars:
Ashenzari
Cheibriados
Dithmenos
Elyvilon
Fedhas
Hepliaklqana
Kikubaaqudgha
Makhleb
Nemelex Xobeh
Okawaru
Qazlal
Ru
Sif Muna
Trog
Uskayaw
Vehumet
Wu Jian
Xom
Yredelemnul
Zin
The Shining One

Shops:
D:7 *(


Innate Abilities, Weirdness & Mutations

You are immune to sickness and miasma.
Your stone body is resilient. (AC +7)
You are immune to poison.
You resist negative energy. (rN+)
You are resistant to electric shocks. (rElec)
You are resistant to unholy torment.
You are immune to petrification.


Message History

You block the centaur warrior's attack.
The centaur warrior kicks you but does no damage.
The centaur warrior hits you but does no damage.
The centaur warrior kicks you but does no damage.
You closely miss the centaur warrior.
The centaur warrior is moderately wounded.
The centaur warrior hits you but does no damage.
The centaur warrior kicks you but does no damage.
The centaur warrior hits you but does no damage.
The centaur warrior closely misses you.
You barely miss the centaur warrior.
The centaur warrior is moderately wounded.
The centaur warrior hits you but does no damage.
The centaur warrior completely misses you.
The centaur warrior hits you but does no damage.
The centaur warrior kicks you but does no damage.
The centaur warrior hits you!
* * * LOW HITPOINT WARNING * * *
The centaur warrior kicks you but does no damage.
You puncture the centaur warrior!
The centaur warrior is heavily wounded.
The centaur warrior hits you but does no damage.
The centaur warrior kicks you but does no damage.
The centaur warrior hits you.
* * * LOW HITPOINT WARNING * * *
The centaur warrior kicks you but does no damage.
You sock the centaur warrior!
The centaur warrior is severely wounded.
The centaur warrior hits you but does no damage.
The centaur warrior kicks you but does no damage.
The centaur warrior closely misses you. The centaur warrior barely misses you.
You block the centaur warrior's attack.
The centaur warrior kicks you but does no damage.
You closely miss the centaur warrior.
The centaur warrior is severely wounded.
The centaur warrior hits you but does no damage.
You block the centaur warrior's attack. The centaur warrior hits you.
* * * LOW HITPOINT WARNING * * *
The centaur warrior kicks you.
You die...

.♣.## #.♣...#
#.# ...#
#...### .#
#+## ##'##
###†#####
#.......####
#.###......#
#.# #.#.#####
# #.<.#...#§§
.........@§§
#.....#...#c§
#........####
##.#......
#...###.# .##
#.# ..# ##


You could see a centaur warrior.

Vanquished Creatures
  The ghost of Newt the Fighter, a journeyman GrFi of Okawaru (D:9)
  A two-headed ogre (D:9)
  Joseph (D:8)
  A kobold demonologist (D:8)
  Psyche (D:8)
  Grinder (D:4)
  A troll (D:8)
  8 yaks
  Eustachio (D:4)
  A water moccasin (D:7)
  3 ice beasts
  An ogre (D:4)
  2 kobold brigands (D:8)
  5 bullfrogs
  2 scorpions
  6 wights (D:9)
  4 killer bees (D:8)
  A vampire bat (D:3)
  A howler monkey (D:5)
  3 jellies
  2 orc priests
  A bombardier beetle (D:5)
  A gnoll bouda (D:7)
  5 hounds
  Crazy Yiuf (D:7)
  3 sleepcaps
  Jessica (D:2)
  Natasha (twice) (D:4)
  An iguana (D:5)
  5 orc wizards
  Robin (D:2)
  8 gnolls
  8 adders
  2 white imps (D:5)
  2 ufetubi (D:4)
  3 dart slugs
  3 fire bats (D:3)
  4 ribbon worms
  19 orcs
  2 spectral bats (D:3)
  14 ball pythons
  2 bat skeletons (D:3)
  A bat zombie (D:3)
  9 endoplasms
  5 giant cockroaches
  15 goblins
  8 hobgoblins
  8 jackals
  7 quokkas
  14 bats
  A bat simulacrum (D:3)
  9 frilled lizards
  14 kobolds
  10 rats
236 creatures vanquished.

Vanquished Creatures (others)
  A bat skeleton (D:3)
1 creature vanquished.

Grand Total: 237 creatures vanquished

Notes
Turn   | Place    | Note
-------+----------+-------------------------------------------
     0 | D:1      | Dittersdorf the Gargoyle Fighter began the quest for the
                  | Orb.
     0 | D:1      | Reached XP level 1. HP: 14/14 MP: 1/1
    10 | D:1      | Got the Codex of Spellbinding Position
   126 | D:1      | Reached XP level 2. HP: 19/19 MP: 2/2
   345 | D:1      | Reached XP level 3. HP: 10/23 MP: 3/3
   798 | D:2      | Reached XP level 4. HP: 29/29 MP: 4/4
   864 | D:2      | Noticed Jessica
   869 | D:2      | Killed Jessica
   962 | D:2      | Noticed Robin
  1012 | D:2      | Killed Robin
  1013 | D:2      | Reached XP level 5. HP: 20/33 MP: 5/5
  1728 | D:3      | Reached XP level 6. HP: 23/39 MP: 6/6
  2043 | D:3      | Found a faded altar of an unknown god.
  2442 | D:3      | Reached skill level 5 in Fighting
  2442 | D:3      | Reached skill level 5 in Armour
  2508 | D:4      | Noticed Natasha
  2520 | D:4      | Killed Natasha
  2521 | D:4      | Reached skill level 5 in Shields
  2521 | D:4      | Reached XP level 7. HP: 32/44 MP: 7/7
  2769 | D:4      | Noticed Eustachio
  2848 | D:4      | Killed Eustachio
  2937 | D:4      | Noticed Natasha
  2948 | D:4      | Killed Natasha
  3114 | D:4      | Noticed Grinder
  3124 | D:4      | Reached XP level 8. HP: 30/51 MP: 8/8
  3156 | D:4      | Killed Grinder
  3157 | D:4      | Reached skill level 5 in Maces & Flails
  3448 | D:5      | Entered Level 5 of the Dungeon
  3785 | D:5      | Found a shimmering altar of Xom.
  4159 | D:5      | Found a white marble altar of Elyvilon.
  4837 | D:7      | Reached XP level 9. HP: 57/57 MP: 9/9
  4939 | D:7      | Found a runed translucent door.
  4940 | D:7      | Noticed Crazy Yiuf
  5270 | D:7      | Found Poaddo's Antique Weapon Shoppe.
  5351 | D:7      | Found a staircase to the Ecumenical Temple.
  5358 | Temple   | Entered the Ecumenical Temple
  5616 | D:7      | Found Ijer's Island Escapes.
  5708 | D:7      | Killed Crazy Yiuf
  5895 | D:8      | Noticed Psyche
  5903 | D:8      | Killed Psyche
  6227 | D:8      | Identified the +3 chain mail of the Grue {rElec rF+}
  6321 | D:8      | Noticed Joseph
  6334 | D:8      | Killed Joseph
  6657 | D:8      | Noticed a troll
  6671 | D:8      | Reached XP level 10. HP: 64/64 MP: 10/10
  7197 | D:9      | Noticed a kobold demonologist
  7205 | D:8      | Killed a kobold demonologist
  7305 | D:9      | Noticed a two-headed ogre
  7316 | D:9      | Killed a two-headed ogre
  7425 | D:9      | Found a runed translucent door.
  7429 | D:9      | Noticed Newt's ghost (journeyman GrFi)
  7433 | D:9      | Noticed a centaur warrior
  7452 | D:9      | Killed Newt's ghost
  7456 | D:9      | HP: 2/66 [centaur warrior (10)]
  7459 | D:9      | Slain by a centaur warrior

Illustrated notes

Levels and vault maps discovered:
D:1:      orjb1_lava_funnel, layout_loops_cross, minmay_misc_feat_encased
D:2:      layout_rooms, serial_forest, infiniplex_forest_clump_small,
          infiniplex_forest_lined_4_way, infiniplex_forest_lined_2,
          infiniplex_forest_clump_double, infiniplex_forest_lined_3,
          infiniplex_forest_straight_3, infiniplex_forest_straight_4,
          infiniplex_forest_clump_small, minivault_25, minmay_tiny_reverse_x,
          uniq_jessica, uniq_robin
D:3:      layout_rooms, hellmonk_ecumenical_altar_dog_temple,
          columned_hall_lemuel, goddamned_bats
D:4:      layout_rooms, hellmonk_no_cap, uniq_natasha, uniq_grinder,
          uniq_eustachio
D:5:      layout_cave_pods, tgw_xom, old_standard_altar
D:6:      layout_rooms
D:7:      layout_basic, minmay_temple_entry_enclosed_plants, serial_shops,
          nicolae_shop_tiny_waterfront, nicolae_island_escapes,
          uniq_crazy_yiuf_cottage
D:8:      layout_basic, grunt_ministairs_10, minmay_misc_feat_cross,
          kennysheep_another_room, uniq_joseph, uniq_psyche
D:9:      layout_loops_corners, orc_0_dummy, enter_bailey_2,
          ebering_ghost_inner_flame, grunt_ministairs_13,
          hangedman_corner_corridor
Temple:   nicolae_temple_bog_church

Skill      XL: |  1  2  3  4  5  6  7  8  9 10 |
---------------+-------------------------------+-----
Fighting       | 4 5 7 8 9 |  9.5
Armour         | 4 5 7 8 9 |  9.6
Shields        | 4 5 6 8 9 |  9.5
Maces & Flails | 3 4 5 7 8 |  8.4

Action                     |  1- 3 |  4- 6 |  7- 9 | 10-12 || total
---------------------------+-------+-------+-------+-------++-------
  Melee: Flail             |   133 |   348 |   303 |       ||   784
         Morningstar       |       |       |   231 |   126 ||   357
  Throw: Dart              |       |       |     3 |     2 ||     5
    Use: Scroll            |       |       |     9 |     2 ||    11
         Potion            |       |       |       |     2 ||     2
 Armour: Scale mail        |   123 |   100 |       |       ||   223
         Chain mail        |       |   114 |    31 |   159 ||   304
         Plate armour      |       |   192 |   554 |       ||   746
  Dodge: Dodged            |    91 |   220 |   256 |    57 ||   624
  Block: Buckler           |    42 |   145 |   166 |    36 ||   389

Table legend: (Time is in decaauts)
 A = Elapsed time spent in this place.
 B = Non-inter-level travel time spent in this place.
 C = Inter-level travel time spent in this place.
 D = Time resting spent in this place.
 E = Time spent auto-exploring this place.
 F = Levels seen in this place.
 G = Mean time per level.
                   A        B        C        D        E       F      G
               +--------+--------+--------+--------+--------+-----+--------+
         Total |   7727 |   7411 |    316 |    661 |   4232 |  10 |  772.7 |
       Dungeon |   7724 |   7408 |    316 |    661 |   4232 |   9 |  858.2 |
        Temple |      3 |      3 |      0 |      0 |      0 |   1 |    3.0 |
               +--------+--------+--------+--------+--------+-----+--------+

Top non-repeatable levels by time:
     D:7: 1141 daAuts
     D:8: 1130 daAuts
     D:2: 1007 daAuts
     D:3: 943 daAuts
     D:5: 921 daAuts
     D:4: 903 daAuts
     D:1: 767 daAuts
     D:6: 644 daAuts
     D:9: 264 daAuts
  Temple: 3 daAuts
